 Dungeon Crawl Stone Soup version 0.14-a0-2340-g8df0fbc (webtiles) character file.

77759 M4edhros the Whirler (level 15, -4/97 (98) HPs)
             Began as an Octopode Hunter on Jan 30, 2014.
             Was the Champion of Okawaru.
             Slain by a wolf spider (11 damage)
             ... on Level 3 of the Spider Nest on Jan 31, 2014.
             The game lasted 02:50:09 (31600 turns).

M4edhros the Whirler (Octopode Hunter)             Turns: 31600, Time: 02:50:09

HP  -4/97 (98)   AC  8     Str 12      XL: 15   Next: 52%
MP  22/29        EV 10     Int 13 (14) God: Okawaru [******]
Gold 1659        SH  0     Dex  9 (17) Spells:  0 memorised, 14 levels left

rFire  . . .     SeeInvis .     p - +11,+4 sling of Midsummer {venom, rElec}
rCold  + . .     Clarity  .     h - +2 shield {AC+3}
rNeg   + . .     Conserve .     b - +2 hat
rPois  +         rCorr    .     k - amulet of faith
rElec  +         rRot     .     m - +1 ring of dexterity
SustAb . .       Spirit   .     y - ring of flight
rMut   .         Warding  .     W - ring of sustenance
Saprov . . .     Stasis   .     M - +5,+3 ring of slaying
MR     +....                    S - ring of positive energy
                                N - +2 ring of dexterity
                                A - ring of protection from cold {unknown}
                                (no ring)

@: mildly poisoned, held, heroism, finesse, somewhat resistant to hostile
enchantments, very stealthy
A: almost no armour, amphibious, 8 rings, constrict 8, large bone plates 1,
camouflage 1, breathe flames 1, clumsy 2, deterioration 2, sense surroundings 1,
poison resistance, wild magic 1, gelatinous body 1
a: Heroism, Finesse, Renounce Religion, Breathe Fire, Evoke Flight


You were on level 3 of the Spider Nest.
You worshipped Okawaru.
Okawaru was exalted by your worship.
You were not hungry.

You visited 5 branches of the dungeon, and saw 27 of its levels.
You also visited: Labyrinth.

You collected 1659 gold pieces.

Inventory:

Hand weapons
 p - the +11,+4 sling of Midsummer (weapon) {venom, rElec}
   (Okawaru gifted it to you on level 2 of the Lair of Beasts)

   It poisons the ammo it fires.
   It insulates you from electricity.
 q - the +4,+9 mace "Demonbane" {flame, +Blink rF+ Str+3}
   (You took it off a minotaur in a labyrinth)

   It emits flame when wielded, causing extra injury to most foes and up to
   double damage against particularly susceptible opponents.
   It affects your strength (+3).
   It protects you from fire.
   It lets you blink.
 x - a +0,+0 lajatang of electrocution
 K - a +6,+6 sling of flame
 T - the +2,+10 longbow "Piercer" {penet, EV-2}
   (You found it on level 1 of the Swamp)

   Ammo fired by it will pass through the targets it hits, potentially hitting
   all targets in its path until it reaches maximum range.
   It affects your evasion (-2).
Missiles
 c - 28 sling bullets (quivered)
 d - 66 stones
 n - 32 silver sling bullets
 w - 33 sling bullets of frost
 D - 39 exploding sling bullets
 P - 34 steel sling bullets
Armour
 b - a +2 hat (worn)
 h - a +2 shield of protection (worn)
Magical devices
 t - a wand of paralysis (20)
 v - a wand of enslavement (14)
 E - a wand of cold (5)
 G - a wand of disintegration (10)
 L - a wand of fireball (5)
 V - a wand of digging (16)
Comestibles
 f - 8 bread rations
 u - a meat ration
Scrolls
 a - a scroll of amnesia
 o - a scroll of enchant armour
 z - a scroll of recharging
 C - 3 scrolls of magic mapping
 Q - a scroll of fog
Jewellery
 i - the ring "Poaruf" {Hunger rC+ MR++}
   (You took it off a minotaur in a labyrinth)

   [ring of hunger]

   It protects you from cold.
   It affects your resistance to hostile enchantments.
 k - an amulet of faith (around mantle)
 m - a +1 ring of dexterity (left tentacle)
 y - a ring of flight (right tentacle)
 A - a ring of protection from cold (on tentacle) {unknown}
 B - an uncursed ring of ice
 M - a +5,+3 ring of slaying (on tentacle)
 N - a +2 ring of dexterity (on tentacle)
 S - a ring of positive energy (on tentacle)
 W - a ring of sustenance (on tentacle)
Potions
 g - a potion of porridge
 H - a potion of speed
Books
 e - a book of Geomancy

   Spells                             Type                      Level
   Sandblast                          Earth                        1
   Stoneskin                          Transmutation/Earth          2
   Passwall                           Transmutation/Earth          3
   Stone Arrow                        Conjuration/Earth            3
   Petrify                            Transmutation/Earth          4
   Lee's Rapid Deconstruction         Earth                        5
 j - a book of Ice

   Spells                             Type                      Level
   Freezing Aura                      Charms/Ice                   2
   Ensorcelled Hibernation            Hexes/Ice                    2
   Ozocubu's Refrigeration            Ice                          6
   Bolt of Cold                       Conjuration/Ice              6
   Freezing Cloud                     Conjuration/Ice/Air          6
   Metabolic Englaciation             Hexes/Ice                    6
   Simulacrum                         Ice/Necromancy               6
 l - a book of Control

   Spells                             Type                      Level
   Control Teleport                   Charms/Translocation         4
   Control Undead                     Necromancy                   4
   Enslavement                        Hexes                        4
   Mass Confusion                     Hexes                        6
   Metabolic Englaciation             Hexes/Ice                    6
Miscellaneous
 J - a phial of floods


   Skills:
 - Level 7.6(12.6) Fighting
   Level 0.4(5.4) Short Blades
 - Level 16.6(21.6) Slings
 - Level 13.6(18.6) Dodging
 - Level 1.3(6.3) Stealth
 - Level 10.5(15.5) Shields
 + Level 11.2 Invocations


You had 14 spell levels left.
You didn't know any spells.

Dungeon Overview and Level Annotations

Branches:
Dungeon (14/16)            Temple (1/1) D:4             Orc (0/4) D:9
   Lair (8/8) D:10          Swamp (1/5) Lair:6       Spider (3/5) Lair:5
  Slime (0/6) Lair:6       Vaults (0/5) D:14

Altars:
Ashenzari
Cheibriados
Dithmengos
Elyvilon
Fedhas
Kikubaaqudgha
Makhleb
Nemelex Xobeh
Okawaru
Sif Muna
Trog
Vehumet
Xom
Yredelemnul
Zin
The Shining One

Shops:
D:6 }   D:11 /

Portals:
Trove: D:10 (give wand of heal wounds (8))

Annotations:
D:5 Duvessa
D:9 exclusion: 2 doors
Lair:3 exclusion: oklob plant
Swamp:1 exclusion: Roxanne, Donald, Roxanne
Spider:3 exclusion: emperor scorpion


Innate Abilities, Weirdness & Mutations

You cannot wear most types of armour.
You are amphibious.
You can wear up to eight rings at the same time.
You can use your tentacles to constrict many enemies at once.
Your skin changes colour to match your surroundings (Stlth).
Your rubbery body absorbs attacks (AC +1).
You are partially covered in large bone plates (AC +2, SH +2).
You can breathe flames.
You are very clumsy. (Dex -4)
Your body is deteriorating.
You passively map a small area around you.
Your system is resistant to poisons.
Your spells are a little harder to cast, but a little more powerful.


Message History

Okay, then.
Use which ability? (? or * to list)
You gain the combat prowess of a mighty hero.
You feel slightly more hungry. The wolf spider bites you.
The wolf spider hits you but does no damage.
The jumping spider pounces on you.
The jumping spider bites you but does no damage.
The wolf spider bites you!
The wolf spider hits you but does no damage.
A spider and a redback come into view.
Use which ability? (? or * to list)
You can now deal lightning-fast blows.
You feel somewhat more hungry. The wolf spider completely misses you.
The wolf spider closely misses you. The jumping spider barely misses you.
The jumping spider bites you. The wolf spider bites you!
* * * LOW HITPOINT WARNING * * *
The wolf spider hits you!
* * * LOW HITPOINT WARNING * * *
The spider moves out of view.
The wolf spider bites you!
You die...

..##.### ..#..#.##### * ,
..^..^.....#.# ** , ,
##.#^#.#...#... ##
##....#.##.... #.# * *
#....#.....# #s# *
#####...#.## ##s# **
.##......#.######s# * *
.###.<##..#.##.s@#.# , *
.#....###....#.##s#s# ,
.....#...#^..#.###s#.#,
..#.###.####.....##.#.#
######.....#......##.##,,
#####.^...####..###
#..##.#.^##<##..#.#,
.##.. ,
##...###.#.^#.....##
..#.# #
###....###..####...# ...#


You could see 2 wolf spiders, a jumping spider, an orb spider (wandering) and 2
redbacks.

Vanquished Creatures
  Agnes (Spider:2)
  Snorg (Lair:6)
  A minotaur (Lab)
  7 hydras
  Fannar (D:11)
  3 death yaks (Lair:4)
  A centaur warrior (D:13)
  A catoblepas (Lair:4)
  Nergalle (D:13)
  4 hill giants
  Joseph (D:12)
  10 wolf spiders
  2 griffons
  A spiny worm (Spider:3)
  The ghost of M4edhros the Slinger, an experienced OpHu of Okawaru (D:5)
  Maurice (D:11)
  4 cyclopes
  A feature mimic (Lair:6)
  4 black mambas
  20 spiny frogs
  4 orb spiders
  A fire drake (Lair:7)
  4 demonic crawlers
  A troll (D:11)
  5 jumping spiders
  2 polar bears
  8 komodo dragons
  A giant leech (Lair:8)
  2 slime creatures (D:12)
  3 boulder beetles
  3 basilisks
  9 blink frogs
  A two-headed ogre (D:8)
  2 bog bodies (Swamp:1)
  9 trapdoor spiders
  A hill giant zombie (D:9)
  8 redbacks
  6 tarantellas
  A formicid (Spider:1)
  7 sharks
  54 yaks
  2 hungry ghosts
  6 ugly things
  2 wyverns
  An elephant slug (Lair:3)
  19 vampire mosquitoes
  7 hippogriffs
  A wraith (D:8)
  6 swamp worms (Swamp:1)
  2 manticores (D:14)
  Menkaure (D:5)
  4 necrophages (Lair:5)
  5 wolves (Lair:2)
  A soldier ant (D:13)
  9 sky beasts
  7 orc warriors
  2 black bears
  12 porcupines
  A mottled dragon (D:14)
  5 giant goldfish
  5 ice beasts
  13 crocodiles
  A phantom (D:9)
  7 ogres
  2 yellow wasps
  2 boring beetles
  2 big kobolds (D:9)
  2 wargs (D:10)
  4 giant slugs
  14 water moccasins
  20 centaurs
  A cyclops zombie (D:9)
  28 giant frogs
  6 agate snails
  3 insubstantial wisps (Swamp:1)
  4 troll zombies (D:9)
  4 electric eels
  21 killer bees
  6 wights
  An eye of draining (D:12)
  6 jellyfish
  A troll skeleton (D:7)
  A hippogriff skeleton (D:6)
  13 crimson imps
  9 hounds
  A jelly (D:5)
  27 spiders
  5 big fish
  12 orc priests
  9 iguanas
  10 orc wizards
  4 scorpions
  A statue (D:4)
  15 worker ants
  A goliath beetle (D:9)
  A big kobold zombie (D:12)
  Ijyb (D:5)
  13 sheep
  3 ogre zombies (D:9)
  2 big kobold skeletons
  2 ogre skeletons
  A hound skeleton (D:10)
  3 gnolls (D:2)
  55 green rats
  2 giant mites
  A white imp (D:11)
  16 adders
  An inept feature mimic (D:4)
  6 worms
  10 giant geckos
  58 orcs
  A ball python (D:4)
  27 bats
  A bat zombie (D:8)
  10 hobgoblins
  26 jackals
  8 quokkas
  4 giant cockroaches
  4 giant newts
  3 giant spores (D:8)
  9 goblins
  A goblin zombie (D:9)
  7 hobgoblin zombies
  11 kobolds
  A kobold skeleton (D:4)
  3 orc skeletons
  16 orc zombies (D:9)
  15 rats
  A rat skeleton (D:4)
  A rat zombie (D:6)
  8 ballistomycetes (D:8)
  9 fungi
  8 plants
901 creatures vanquished.

Vanquished Creatures (collateral kills)
  A spiny frog (Lair:1)
  A basilisk (D:13)
  Sigmund (D:7)
  A bat skeleton (D:7)
  A jackal (Lair:1)
5 creatures vanquished.

Vanquished Creatures (others)
  A wolf spider (Spider:3)
  3 fungi
  3 plants
7 creatures vanquished.

Grand Total: 913 creatures vanquished

Notes
Turn   | Place    | Note
--------------------------------------------------------------
     0 | D:1      | M4edhros, the Octopode Hunter, began the quest for the Orb.
     0 | D:1      | Reached XP level 1. HP: 13/13 MP: 1/1
    99 | D:1      | Reached XP level 2. HP: 18/18 MP: 2/2
   511 | D:2      | Found a glowing golden altar of the Shining One.
   807 | D:3      | Reached XP level 3. HP: 23/23 MP: 3/3
   835 | D:3      | Reached skill level 5 in Slings
  1140 | D:3      | Reached XP level 4. HP: 18/28 MP: 4/4
  1377 | D:3      | Found a white marble altar of Elyvilon.
  1511 | D:4      | Found a staircase to the Ecumenical Temple.
  1520 | D:4      | Reached skill level 6 in Slings
  1537 | Temple   | Entered the Ecumenical Temple
  1574 | Temple   | Became a worshipper of Warmaster Okawaru
  1683 | D:4      | Reached XP level 5. HP: 33/33 MP: 5/5
  2730 | D:2      | Reached skill level 7 in Slings
  2739 | D:2      | Reached XP level 6. HP: 29/38 MP: 6/6
  3040 | D:4      | Acquired Okawaru's first power
  3072 | D:4      | Found a radiant altar of Vehumet.
  3072 | D:4      | Noticed a charred statue
  3081 | D:4      | Killed a charred statue
  3106 | D:5      | Entered Level 5 of the Dungeon
  3118 | D:5      | Noticed Menkaure
  3189 | D:5      | Killed Menkaure
  3189 | D:5      | Reached skill level 8 in Slings
  3369 | D:5      | Reached XP level 7. HP: 24/43 MP: 7/7
  3497 | D:5      | Noticed M4edhros' ghost (experienced OpHu)
  3550 | D:5      | Noticed Duvessa
  3596 | D:5      | Noticed Ijyb
  3607 | D:5      | Killed Ijyb
  3751 | D:5      | Killed M4edhros' ghost
  3751 | D:5      | Reached skill level 9 in Slings
  3751 | D:5      | Reached XP level 8. HP: 42/48 MP: 8/8
  4124 | D:5      | Got a faintly humming leather armour
  4231 | D:6      | Reached skill level 10 in Slings
  4259 | D:6      | HP: 2/48 [poisoned by a water moccasin]
  4690 | D:6      | Paralysed by a potion of paralysis for 5 turns
  4815 | D:6      | Found Poteel's Gadget Emporium.
  5128 | D:7      | Reached skill level 11 in Slings
  5138 | D:7      | Received a gift from Okawaru
  5159 | D:7      | Reached XP level 9. HP: 18/53 MP: 9/9
  5235 | D:7      | Noticed Sigmund
  5433 | D:7      | Killed Sigmund
  5540 | D:7      | Received a gift from Okawaru
  6135 | D:7      | Reached skill level 5 in Dodging
  6143 | D:7      | Reached skill level 12 in Slings
  6150 | D:7      | Received a gift from Okawaru
  6252 | D:8      | Noticed a hill giant
  6631 | D:8      | Received a gift from Okawaru
  6640 | D:8      | Found a glowing silver altar of Zin.
  6700 | D:8      | Received a gift from Okawaru
  6782 | D:8      | Reached XP level 10. HP: 51/60 MP: 10/10
  6877 | D:8      | Acquired Okawaru's second power
  7389 | D:9      | Gained mutation: You are partially covered in large bone plates (AC +2, SH +2). [mutagenic meat]
  7390 | D:9      | Gained mutation: You can spit poison. [mutagenic meat]
  7391 | D:9      | Gained mutation: You occasionally shout uncontrollably. [mutagenic meat]
  7825 | D:9      | Found a staircase to the Orcish Mines.
  7838 | D:9      | Received a gift from Okawaru
  7879 | D:9      | Found a basalt altar of Yredelemnul.
  7879 | D:9      | Found a sparkling altar of Nemelex Xobeh.
  8375 | D:9      | Received a gift from Okawaru
  8690 | D:9      | Reached skill level 13 in Slings
  8909 | D:9      | Noticed a three-headed hydra
  9066 | D:9      | Received a gift from Okawaru
  9080 | D:9      | Gained mutation: Your system is resistant to poisons. [mutagenic meat]
  9188 | D:10     | Entered Level 10 of the Dungeon
  9199 | D:10     | Reached skill level 5 in Fighting
  9279 | D:10     | Found a portal to a secret trove of treasure.
  9367 | D:10     | Found a staircase to the Lair.
  9624 | D:10     | Reached XP level 11. HP: 72/72 MP: 11/11
  9782 | D:10     | Noticed a hill giant
  9789 | D:10     | Killed a hill giant
 10333 | D:11     | Gained mutation: You have a fast metabolism. [potion of mutation]
 10333 | D:11     | Gained mutation: You are clumsy. (Dex -2) [potion of mutation]
 10333 | D:11     | Gained mutation: Your body is slowly deteriorating. [potion of mutation]
 10647 | D:11     | Noticed Maurice
 10916 | D:11     | Killed Maurice
 10916 | D:11     | Received a gift from Okawaru
 10917 | D:11     | Got an encrusted battleaxe {god gift}
 10931 | D:11     | Identified the +4,+0 battleaxe of Kucajuir {antimagic, +Fly SInv} (Okawaru gifted it to you on level 11 of the Dungeon)
 11149 | D:11     | Found Seosuit's Magical Wand Boutique.
 11170 | D:11     | Noticed Fannar
 11199 | D:11     | Killed Fannar
 11637 | D:11     | Received a gift from Okawaru
 11824 | D:11     | Reached skill level 14 in Slings
 12116 | D:12     | Noticed Joseph
 12139 | D:12     | Killed Joseph
 12139 | D:12     | Reached skill level 1 in Shields
 12196 | D:12     | Found a labyrinth entrance.
 12210 | Lab      | Entered a labyrinth
 13350 | Lab      | Noticed a minotaur
 13366 | Lab      | Killed a minotaur
 13366 | Lab      | Reached skill level 10 in Dodging
 13366 | Lab      | Reached XP level 12. HP: 81/81 MP: 4/12
 13370 | Lab      | Got a smoking lead ring
 13371 | Lab      | Got a pitted mace
 13383 | Lab      | Identified the +4,+9 mace "Demonbane" {flame, +Blink rF+ Str+3} (You took it off a minotaur in a labyrinth)
 13385 | Lab      | Identified the ring "Poaruf" {Hunger rC+ MR++} (You took it off a minotaur in a labyrinth)
 13855 | D:12     | Gained mutation: You passively map a small area around you. [mutagenic meat]
 13858 | D:12     | Gained mutation: You can breathe flames. [mutagenic meat]
 14114 | Lair:1   | Entered Level 1 of the Lair of Beasts
 14584 | Lair:1   | Received a gift from Okawaru
 14814 | Lair:1   | Received a gift from Okawaru
 15388 | Lair:2   | Received a gift from Okawaru
 15389 | Lair:2   | Got a polished sling {god gift}
 15392 | Lair:2   | Identified the +11,+4 sling of Midsummer {venom, rElec} (Okawaru gifted it to you on level 2 of the Lair of Beasts)
 15552 | Lair:2   | Found a shattered altar of Ashenzari.
 15574 | Lair:2   | Reached skill level 5 in Shields
 16425 | Lair:3   | Received a gift from Okawaru
 16598 | Lair:3   | Found a bloodstained altar of Trog.
 16672 | Lair:3   | Reached skill level 15 in Slings
 16882 | Lair:3   | Found a blossoming altar of Fedhas.
 17007 | Lair:3   | Noticed a five-headed hydra
 17156 | Lair:3   | Killed a five-headed hydra
 17156 | Lair:3   | Reached XP level 13. HP: 87/87 MP: 13/13
 17431 | Lair:4   | Received a gift from Okawaru
 18016 | Lair:4   | Received a gift from Okawaru
 19403 | Lair:1   | Received a gift from Okawaru
 19629 | Lair:5   | Received a gift from Okawaru
 19710 | Lair:5   | Received a gift from Okawaru
 20247 | Lair:5   | Found a hole to the Spider Nest.
 20439 | Lair:5   | Received a gift from Okawaru
 20583 | Lair:6   | Received a gift from Okawaru
 20678 | Lair:6   | Noticed Snorg
 20693 | Lair:6   | Killed Snorg
 20755 | Lair:6   | Found a staircase to the Slime Pits.
 20904 | Lair:6   | Found a staircase to the Swamp.
 21009 | Lair:6   | Received a gift from Okawaru
 21894 | Lair:7   | Received a gift from Okawaru
 22068 | Lair:7   | Received a gift from Okawaru
 22093 | Lair:7   | Lost mutation: You have a fast metabolism. [potion of beneficial mutation]
 22215 | Lair:7   | Received a gift from Okawaru
 22442 | Lair:7   | Reached skill level 16 in Slings
 22546 | Lair:7   | Reached XP level 14. HP: 79/91 MP: 14/14
 22669 | Lair:8   | Entered Level 8 of the Lair of Beasts
 23031 | Lair:8   | Received a gift from Okawaru
 23755 | Lair:8   | Received a gift from Okawaru
 23938 | Lair:8   | Reached skill level 10 in Shields
 24024 | Lair:8   | Received a gift from Okawaru
 24459 | Swamp:1  | Entered Level 1 of the Swamp
 24485 | Swamp:1  | Received a gift from Okawaru
 24710 | Swamp:1  | Noticed Roxanne
 24853 | Swamp:1  | Received a gift from Okawaru
 25276 | Swamp:1  | Noticed Donald
 25678 | D:13     | Noticed Nergalle
 25815 | D:12     | Received a gift from Okawaru
 25856 | D:12     | Reached skill level 1 in Invocations
 25861 | D:12     | Noticed an eight-headed hydra
 25870 | D:12     | Killed an eight-headed hydra
 25997 | D:12     | Noticed a hill giant
 26029 | D:12     | Killed a hill giant
 26390 | D:13     | Gained mutation: Your spells are a little harder to cast, but a little more powerful. [mutagenic meat]
 26391 | D:13     | Lost mutation: Your spells are a little harder to cast, but a little more powerful. [mutagenic meat]
 26392 | D:13     | Gained mutation: Your body is deteriorating. [mutagenic meat]
 26439 | D:13     | Gained mutation: Your spells are a little harder to cast, but a little more powerful. [mutagenic meat]
 26440 | D:13     | Lost mutation: You can spit poison. [mutagenic meat]
 26653 | D:13     | Reached skill level 5 in Invocations
 26766 | D:13     | Killed Nergalle
 26769 | D:13     | Received a gift from Okawaru
 27510 | D:14     | Reached XP level 15. HP: 56/97 MP: 25/25
 27946 | D:14     | Found a gate to the Vaults.
 28224 | Spider:1 | Entered Level 1 of the Spider Nest
 28599 | Spider:1 | Gained mutation: You are very clumsy. (Dex -4) [potion of mutation]
 28599 | Spider:1 | Lost mutation: You occasionally shout uncontrollably. [potion of mutation]
 29490 | Spider:2 | Noticed Agnes
 29505 | Spider:2 | Killed Agnes
 29629 | Spider:2 | Received a gift from Okawaru
 30055 | Spider:2 | Received a gift from Okawaru
 30228 | Spider:3 | Reached skill level 10 in Invocations
 31113 | Spider:3 | Received a gift from Okawaru
 31600 | Spider:3 | Slain by a wolf spider

Action                   |  1- 3 |  4- 6 |  7- 9 | 10-12 | 13-15 || total
-------------------------+-------+-------+-------+-------+-------++-------
Melee: Whip              |    14 |    47 |       |    61 |       ||   122
       Dagger            |       |       |       |     7 |       ||     7
       Mace              |       |       |       |    21 |    30 ||    51
       Sling             |       |       |       |     6 |     6 ||    12
 Fire: Sling             |    57 |    99 |   336 |  1445 |  1853 ||  3790
Throw: Stone             |       |     1 |       |     1 |     7 ||     9
Invok: Heroism           |       |       |     1 |    10 |    11 ||    22
       Finesse           |       |       |       |     1 |     1 ||     2
 Abil: Evoke Flight      |       |       |       |    16 |       ||    16
       Stop Flying       |       |       |       |    15 |       ||    15
Evoke: Wand              |       |       |     2 |     3 |     6 ||    11
       Phial of floods   |       |       |       |     1 |     1 ||     2
  Use: Potion            |     6 |     3 |    10 |     9 |    15 ||    43
       Scroll            |       |       |    16 |    14 |     9 ||    39
 Stab: Sleeping          |     2 |     5 |       |     1 |       ||     8
